 Dungeon Crawl Stone Soup version 0.25.1-2-g60ff931df9 (webtiles) character file.

Game seed: 1769217922906743564

28 gruber the Magician (level 3, 2/28 HPs)
             Began as a Gnoll Wanderer on Oct 12, 2020.
             Quit the game on level 2 of the Dungeon.
             The game lasted 00:01:36 (1056 turns).

gruber the Magician (Gnoll Wanderer)                Turns: 1056, Time: 00:01:37

Health: 2/28       AC:  5    Str: 15    XL:     3   Next: 12%
Magic:  4/9        EV:  8    Int: 14    God:
Gold:   27         SH:  8    Dex: 14    Spells: 10/12 levels left

rFire    . . .     SeeInvis .   h - +0 short sword
rCold    . . .     Gourm    .   e - +0 kite shield
rNeg     . . .     Faith    .   p - +0 ring mail
rPois    .         Spirit   .   (no helmet)
rElec    .         Reflect  .   (no cloak)
rCorr    .         Harm     .   (no gloves)
MR       .....                  (no boots)
Stlth    +.........             (no amulet)
HPRegen  0.09/turn              (no ring)
MPRegen  0.11/turn              (no ring)

@: lethally poisoned (2 -> -2)
A: distributed training, fangs 1, strong nose
a: no special abilities


You were on level 2 of the Dungeon.
You were hungry.

You visited 1 branch of the dungeon, and saw 2 of its levels.

You collected 27 gold pieces.

Inventory:

Hand Weapons
 h - a +0 short sword (weapon)
Armour
 e - a +0 kite shield (worn)
 p - a +0 ring mail (worn)
Scrolls
 b - 4 scrolls of remove curse {unknown}
 d - a scroll of random uselessness {unknown}
 i - 5 scrolls of identify {unknown}
 k - a scroll of teleportation {unknown}
Potions
 a - a potion of flight {unknown}
 c - 2 potions of mutation {unknown}
 g - a potion of curing {unknown}
 j - a potion of degeneration {unknown}
 l - 2 potions of heal wounds {unknown}
 n - a potion of magic {unknown}
 o - a potion of might {unknown}
Comestibles
 f - 3 rations
 m - a chunk of flesh


   Skills:
 + Level 2.5 Fighting
 + Level 0.6 Short Blades
 + Level 0.6 Long Blades
 + Level 0.6 Axes
 + Level 2.5 Maces & Flails
 + Level 0.6 Polearms
 + Level 0.6 Staves
 + Level 0.6 Slings
 + Level 0.6 Bows
 + Level 0.6 Crossbows
 + Level 0.6 Throwing
 + Level 2.5 Armour
 + Level 0.6 Dodging
 + Level 0.6 Stealth
 + Level 2.5 Shields
 + Level 0.6 Unarmed Combat
 + Level 5.0 Spellcasting
 + Level 3.7 Conjurations
 + Level 0.4 Hexes
 + Level 0.4 Charms
 + Level 0.4 Summonings
 + Level 0.4 Necromancy
 + Level 0.4 Translocations
 + Level 0.4 Transmutations
 + Level 0.4 Fire Magic
 + Level 0.4 Ice Magic
 + Level 0.4 Air Magic
 + Level 2.1 Earth Magic
 + Level 0.4 Poison Magic
 + Level 0.8 Invocations
 + Level 2.5 Evocations


You had 10 spell levels left.
You knew the following spells:

 Your Spells              Type           Power        Failure   Level  Hunger
a - Shock                 Conj/Air       #...         56%         1    None
b - Infusion              Chrm           #...         80%         1    None

Your spell library contained the following spells:

 Spells                   Type           Power        Failure   Level  Hunger
 Dazzling Flash           Conj/Hex       #.....       91%         3    ###....
 Ozocubu's Armour         Chrm/Ice       #.......     99%         3    ###....


Dungeon Overview and Level Annotations

Branches:
Dungeon (2/15)

Altars:

Annotations:
D:1 1 runed translucent door


Innate Abilities, Weirdness & Mutations

Your experience applies equally to all skills.
You have very sharp teeth.
Your uncanny sense of smell can sniff out nearby items.


Message History

* * * LOW HITPOINT WARNING * * *
Your ring mail prevents you from hitting the adder.
The adder is severely wounded.
* * * LOW HITPOINT WARNING * * *
You feel sick. The adder barely misses you.
You hit the adder. You bite the adder, but do no damage.
The adder is almost dead.
* * * LOW HITPOINT WARNING * * *
You feel sick. The adder closely misses you. The adder bites you.
* * * LOW HITPOINT WARNING * * *
You hit the adder.
You kill the adder!
Your Spellcasting skill increases to level 5!
You have reached level 3!
Your experience leads to an increase in your attributes!
Increase (S)trength, (I)ntelligence, or (D)exterity?
You feel stronger.
You are no longer magically infusing your attacks.
You are feeling hungry.
Are you sure you want to abandon this character and quit the game? (Confirm with "yes".)

.....
#...#
#...#
###.>.##
......#
#....#
#.#....#
#...@..#
#.####.#
#.####.##
#...<...#
#.#####.#
.# ∆..
.## .#


There were no monsters in sight!

Vanquished Creatures
  An adder (D:2)
  A dart slug (D:1)
  A leopard gecko (D:1)
  A giant cockroach (D:1)
  4 goblins (D:1)
  A hobgoblin (D:1)
  2 jackals (D:1)
  2 kobolds (D:1)
  A bat (D:1)
14 creatures vanquished.

Notes
Turn   | Place    | Note
-------+----------+-------------------------------------------
     0 | D:1      | gruber the Gnoll Wanderer began the quest for the Orb.
     0 | D:1      | gruber set off with the following items: a +0 club, a +0
                  | robe, a +0 kite shield, a ration; and the following spells
                  | available to memorise: Shock, Infusion, Dazzling Flash,
                  | Ozocubu's Armour
     0 | D:1      | Reached XP level 1. HP: 17/17 MP: 6/6
     2 | D:1      | Learned a level 1 spell: Shock
     4 | D:1      | Learned a level 1 spell: Infusion
     4 | D:1      | Noticed a jelly
     5 | D:1      | Found a runed translucent door.
   117 | D:1      | Reached XP level 2. HP: 10/23 MP: 0/7
   124 | D:1      | HP: 1/23 [kobold/+0 short sword (1)]
  1055 | D:2      | Reached skill level 5 in Spellcasting
  1055 | D:2      | Reached XP level 3. HP: 2/28 MP: 4/9
  1056 | D:2      | Quit the game

Illustrated notes

Levels and vault maps discovered:
D:1:      dpeg_arrival_caged_fury, layout_rooms, nrook_mini_backslash,
          minmay_misc_feat_diagonals
D:2:      layout_loops_cross, nemelex_xobeh_ov_fountains_minmay,
          cheibriados_altar_1

Skill      XL: |  1  2 |
---------------+-------+-----
Earth Magic    | 2 |  2.1
Spellcasting   | 5 |  5.0
Fighting       | |  2.5
Short Blades   | |  0.6
Long Blades    | |  0.6
Axes           | |  0.6
Maces & Flails | |  2.5
Polearms       | |  0.6
Staves         | |  0.6
Slings         | |  0.6
Bows           | |  0.6
Crossbows      | |  0.6
Throwing       | |  0.6
Armour         | |  2.5
Dodging        | |  0.6
Stealth        | |  0.6
Shields        | |  2.5
Unarmed Combat | |  0.6
Conjurations   | |  3.7
Hexes          | |  0.4
Charms         | |  0.4
Summonings     | |  0.4
Necromancy     | |  0.4
Translocations | |  0.4
Transmutations | |  0.4
Fire Magic     | |  0.4
Ice Magic      | |  0.4
Air Magic      | |  0.4
Poison Magic   | |  0.4
Invocations    | |  0.8
Evocations     | |  2.5

Action                   || total
-------------------------++-------
Melee: Club              ||    19
       Short sword       ||    48
       Bite              ||     7
 Cast: Shock             ||     3
       Infusion          ||     2
 Stab: Sleeping          ||     1
Armor: Robe              ||    12
       Ring mail         ||     2
Dodge: Dodged            ||    31
Block: Kite shield       ||    35
